 Dungeon Crawl Stone Soup version 0.30-a0-476-g330ca2eb8e (webtiles) character file.

Game seed: 3194867353145424441

3103 bmack86 the Cleaver (level 9, -2/79 HPs)
             Began as a Minotaur Fighter on Dec 22, 2022.
             Slain by Erica
             ... wielding a +4 scimitar of flaming
              (9 damage)
             ... on level 9 of the Dungeon.
             The game lasted 00:21:36 (6694 turns).

bmack86 the Cleaver (Minotaur Fighter)              Turns: 6694, Time: 00:21:36

Health: -2/79      AC: 13    Str: 31    XL:     9   Next: 59%
Magic:  8/8        EV:  7    Int:  5    God:
Gold:   195        SH: 11    Dex: 10    Spells: 8/8 levels left

rFire   . . .      SeeInvis .    H - +1 war axe (flame)
rCold   . . .      Faith    .    F - +2 kite shield
rNeg    . . .      Spirit   .    E - +0 chain mail
rPois   .          Reflect  .    (helmet restricted)
rElec   .          Harm     .    n - +0 cloak
rCorr   .          Rampage  .    u - +0 pair of gloves {Stlth+}
Will    .....                    (no boots)
Stlth   ..........               (no amulet)
HPRegen 0.33/turn                r - +6 ring of strength
MPRegen 0.11/turn                G - ring of flight

@: flying
A: horns 2, retaliatory headbutt
a: no special abilities


You were on level 9 of the Dungeon.
You visited 2 branches of the dungeon, and saw 10 of its levels.

You collected 681 gold pieces.
You spent 486 gold pieces at shops.

Inventory:

Hand Weapons
 a - a +0 war axe
 H - a +1 war axe of flaming (weapon)
Missiles
 o - 17 boomerangs (quivered)
 w - 7 poisoned darts
Armour
 b - a +0 scale mail
 c - a +0 buckler
 e - a +0 pair of gloves
 n - a +0 cloak (worn)
 t - +0 steam dragon scales
 u - a +0 pair of gloves of stealth (worn)
 E - a +0 chain mail (worn)
 F - a +2 kite shield (worn)
Jewellery
 i - a ring of positive energy
 r - a +6 ring of strength (left hand)
 v - a ring of fire
 C - a ring of protection from cold
 G - a ring of flight (right hand)
Wands
 m - a wand of polymorph (9)
Scrolls
 s - a scroll of amnesia
 x - a scroll of brand weapon
 y - 2 scrolls of enchant weapon
 z - a scroll of blinking
 A - a scroll of teleportation
 B - a scroll of magic mapping
 I - a scroll of fog
Potions
 d - 4 potions of might
 f - 4 potions of degeneration
 g - 6 potions of heal wounds
 h - 3 potions of brilliance
 j - 4 potions of flight
 k - 5 potions of curing
 l - a potion of invisibility {unknown}
 p - 7 potions of lignification
 q - 2 potions of resistance {unknown}
 D - 5 potions of magic {unknown}
 J - 2 potions of mutation {unknown}


   Skills:
 + Level 7.6 Fighting
 * Level 9.9 Axes
 + Level 4.8 Throwing
 + Level 7.6 Armour
 + Level 7.5 Shields


You had 8 spell levels left.
You didn't know any spells.
Your spell library contained the following spells:

 Spells                   Type           Power      Damage    Failure   Level
 Necrotise                Necr           0%         1d4       99%         1
 Slow                     Hex            0%         N/A       99%         1
 Sting                    Tmut/Pois      0%         1d3       99%         1
 Summon Small Mammal      Summ           0%         N/A       99%         1
 Blink                    Tloc           0%         N/A       100%        2
 Momentum Strike          Conj/Tloc      0%         3d8       100%        2
 Poisonous Vapours        Pois/Air       0%         N/A       100%        2
 Call Canine Familiar     Summ           0%         N/A       100%        3
 Confusing Touch          Hex            0%         N/A       100%        3
 Lesser Beckoning         Tloc           0%         N/A       100%        3
 Summon Guardian Golem    Hex/Summ       0%         N/A       100%        3
 Vampiric Draining        Necr           0%         2d6       100%        3
 Manifold Assault         Tloc           0%         N/A       100%        4
 Olgreb's Toxic Radiance  Pois           0%         N/A       100%        4
 Agony                    Necr           0%         N/A       100%        5
 Dispersal                Tloc           0%         N/A       100%        6
 Disjunction              Tloc           0%         N/A       100%        8


Dungeon Overview and Level Annotations

Branches:
Dungeon (9/15)             Temple (1/1) D:7
   Lair: D:8-11         Orc: D:9-12

Altars:
Ashenzari
Dithmenos
Elyvilon
Fedhas
Gozag
Hepliaklqana
Kikubaaqudgha
Makhleb
Nemelex Xobeh
Qazlal
Ru
Sif Muna
Vehumet
Wu Jian
Yredelemnul
Zin
The Shining One

Shops:
D:1 !   D:5 ?   D:8 *

Annotations:
D:9 Erica


Innate Abilities, Weirdness & Mutations

You have a pair of horns on your head.
You reflexively headbutt those who attack you in melee.


Message History

Erica is lightly wounded.
Erica hits you but does no damage.
You closely miss Erica. You headbutt Erica!
Erica is moderately wounded.
Erica casts a spell at you. The lance of force hits you!
You are knocked back by the lance of force.
Erica gestures at you while chanting. The lance of force hits you!!
You are knocked back by the lance of force.
You block Erica's attack.
You barely miss Erica. You headbutt Erica!
Erica is heavily wounded.
Erica barely misses you. You furiously retaliate!
You headbutt Erica. You hit Erica. You burn Erica.
Erica is heavily wounded.
Erica says, "I love to fight, but killing is better."
Erica hits you with a +4 scimitar of flaming.
Erica burns you.
You hit Erica. You burn Erica. You headbutt Erica.
Erica is severely wounded.
Erica gestures at you while chanting. The lance of force hits you!
You are knocked back by the lance of force.
You slash Erica! You burn Erica.
Erica is almost dead.
Erica hits you with a +4 scimitar of flaming!
* * * LOW HITPOINT WARNING * * *
Erica burns you.
* * * LOW HITPOINT WARNING * * *
You slash Erica! You burn Erica.
Erica is almost dead.
Erica hits you with a +4 scimitar of flaming.
* * * LOW HITPOINT WARNING * * *
Erica burns you.
* * * LOW HITPOINT WARNING * * *
You closely miss Erica.
Erica is almost dead.
Erica hits you with a +4 scimitar of flaming!
You die...

#.............
#.............
#.............
#............. #
#............. ...
#.............
.....###.............
.......<..@@.........
.....................
.....................
.....####............
..... #..###.......
.... #..# ....... ...
#..# ....... ... #..#
.......


You could see Erica.

Vanquished Creatures
  A two-headed ogre (D:7)
  A hornet (D:7)
  2 steam dragons
  A water moccasin (D:8)
  An ice beast (D:6)
  2 black bears
  4 ogres
  2 centaurs
  A bullfrog (D:8)
  A scorpion (D:4)
  A necrophage (D:4)
  A gnoll sergeant (D:7)
  3 wights (D:6)
  3 howler monkeys (D:8)
  4 orc priests (D:8)
  A gnoll bouda (D:7)
  4 hounds
  3 iguanas
  Natasha (thrice) (D:2)
  2 orc wizards (D:8)
  Robin (D:4)
  2 adders
  10 gnolls
  A shadow imp (D:7)
  A white imp (D:7)
  7 orcs
  9 ball pythons
  4 bats
  7 endoplasms
  5 giant cockroaches
  11 goblins
  12 hobgoblins
  4 jackals (D:1)
  7 kobolds
  7 quokkas
  A frilled lizard (D:1)
130 creatures vanquished.

Vanquished Creatures (others)
  A plant (D:7)
  3 withered plants (D:2)
4 creatures vanquished.

Grand Total: 134 creatures vanquished

Notes
Turn   | Place    | Note
-------+----------+-------------------------------------------
     0 | D:1      | bmack86 the Minotaur Fighter began the quest for the Orb.
     0 | D:1      | Reached XP level 1. HP: 19/19 MP: 0/0
   149 | D:1      | Reached XP level 2. HP: 27/27 MP: 1/1
   159 | D:1      | Reached skill level 3 in Axes
   385 | D:1      | Found Yrar's Distillery.
   527 | D:1      | Bought a potion of heal wounds for 55 gold pieces
   527 | D:1      | Bought a potion of heal wounds for 55 gold pieces
   796 | D:2      | Reached XP level 3. HP: 33/33 MP: 2/2
   829 | D:2      | Found a glowing golden altar of the Shining One.
  1073 | D:2      | Found a faded altar of an unknown god.
  1172 | D:2      | Noticed Natasha
  1181 | D:2      | Killed Natasha
  1250 | D:2      | Noticed Natasha
  1258 | D:2      | Killed Natasha
  1259 | D:2      | Reached skill level 4 in Axes
  1259 | D:2      | Reached XP level 4. HP: 34/40 MP: 3/3
  1289 | D:2      | Noticed Natasha
  1295 | D:2      | Killed Natasha
  1480 | D:3      | Reached XP level 5. HP: 47/47 MP: 4/4
  1783 | D:4      | Found Moige's Gadget Gallery.
  1810 | D:4      | Reached skill level 5 in Axes
  1829 | D:4      | Found an ornate altar of the Wu Jian Council.
  1866 | D:4      | Reached skill level 1 in Throwing
  2218 | D:4      | Reached XP level 6. HP: 55/55 MP: 5/5
  2238 | D:4      | Reached skill level 5 in Armour
  2320 | D:4      | Reached skill level 5 in Fighting
  2320 | D:4      | Reached skill level 5 in Shields
  2386 | D:4      | Reached XP level 7. HP: 21/61 MP: 6/6
  2623 | D:4      | Found a shadowy altar of Dithmenos.
  2623 | D:4      | Found a blossoming altar of Fedhas.
  2623 | D:4      | Noticed Robin
  2640 | D:4      | Killed Robin
  2641 | D:4      | Reached skill level 6 in Axes
  2893 | D:5      | Entered Level 5 of the Dungeon
  2893 | D:5      | Found Gegez's Magic Scroll Boutique.
  3091 | D:6      | Noticed a steam dragon
  3099 | D:6      | Killed a steam dragon
  3103 | D:6      | Identified the +0 ring mail "Ynin" {rPois Int+2}
  3348 | D:6      | Found an ancient bone altar of Kikubaaqudgha.
  3348 | D:6      | Found a white marble altar of Elyvilon.
  3548 | D:6      | Reached skill level 7 in Axes
  3577 | D:5      | Bought a scroll of brand weapon for 133 gold pieces
  3577 | D:5      | Bought a scroll of identify for 28 gold pieces
  3577 | D:5      | Bought a scroll of enchant weapon for 105 gold pieces
  3646 | D:6      | Reached XP level 8. HP: 44/70 MP: 7/7
  4783 | D:7      | Noticed a hornet
  4793 | D:7      | Killed a hornet
  4794 | D:7      | Reached skill level 8 in Axes
  5124 | D:7      | Noticed a two-headed ogre
  5131 | D:7      | Killed a two-headed ogre
  5132 | D:7      | Reached XP level 9. HP: 57/79 MP: 8/8
  5200 | D:7      | Reached skill level 9 in Axes
  5315 | D:7      | Found a staircase to the Ecumenical Temple.
  5325 | Temple   | Entered the Ecumenical Temple
  5625 | D:7      | Found a radiant altar of Vehumet.
  6123 | D:8      | Found Ycaobuor's Assorted Antiques.
  6138 | D:8      | Bought an onyx ring for 110 gold pieces
  6680 | D:9      | Noticed Erica
  6694 | D:9      | Slain by Erica

Illustrated notes

Levels and vault maps discovered:
D:1:      kilobyte_arrival_exit_the_forest, layout_rooms, serial_shops, shop,
          chequers_serial_rivers_micro_e
D:2:      layout_rooms, basic_altar, ebering_ecumenical_altar_petrified,
          nrook_mini_backslash, minmay_tetromino_o2, uniq_natasha
D:3:      layout_rooms
D:4:      layout_cave_pods, kennysheep_mini_moat,
          gammafunk_temple_overflow_pools, moated_statue, wad_floor_pattern_2,
          nicolae_shop_gadgets, uniq_robin
D:5:      layout_loops_ring, serial_shops, nicolae_take_the_stairs
D:6:      layout_loops_ring, chequers_temple_overflow_statue_of_worship,
          serial_glass, glass_columns_a, glass_columns_a, glass_columns_b,
          glass_columns_a, glass_columns_c, glass_columns_a,
          nicolae_underground_beach
D:7:      layout_loops_ring, nicolae_overflow_crystal_walls,
          minmay_temple_entry_gardened_gates
D:8:      layout_loops_cross, serial_shops, shop
D:9:      layout_long_grid, nicolae_uskayaw_dance_hall, xom_butterflies,
          erik_lair_dragon, uniq_erica
Temple:   nicolae_temple_two_arcs

Skill      XL: |  1  2  3  4  5  6  7  8  9 |
---------------+----------------------------+-----
Axes           | 3 4 5 7 8 9 |  9.9
Fighting       | 4 5 7 |  7.6
Shields        | 4 5 6 7 |  7.5
Armour         | 4 5 7 |  7.6
Throwing       | 1 2 4 |  4.8

Action                   |  1- 3 |  4- 6 |  7- 9 || total
-------------------------+-------+-------+-------++-------
Melee: War axe           |    87 |    72 |   176 ||   335
       Headbutt          |     9 |    11 |    35 ||    55
  Use: Scroll            |     2 |     1 |     9 ||    12
       Potion            |       |       |     1 ||     1
Armor: Scale mail        |    56 |    36 |    45 ||   137
       Skin              |       |     1 |       ||     1
       Chain mail        |       |       |    44 ||    44
Dodge: Dodged            |    51 |    30 |    66 ||   147
Block: Buckler           |    25 |    12 |    34 ||    71
       Kite shield       |       |       |    39 ||    39

Table legend: (Time is in decaauts)
 A = Elapsed time spent in this place.
 B = Non-inter-level travel time spent in this place.
 C = Inter-level travel time spent in this place.
 D = Time resting spent in this place.
 E = Time spent auto-exploring this place.
 F = Levels seen in this place.
 G = Mean time per level.
                   A        B        C        D        E       F      G
               +--------+--------+--------+--------+--------+-----+--------+
         Total |   6793 |   6543 |    250 |    451 |   3641 |  10 |  679.3 |
       Dungeon |   6689 |   6439 |    250 |    451 |   3641 |   9 |  743.2 |
        Temple |    103 |    103 |      0 |      0 |      0 |   1 |  103.0 |
               +--------+--------+--------+--------+--------+-----+--------+

Top non-repeatable levels by time:
     D:7: 1200 daAuts
     D:4: 1126 daAuts
     D:6: 1071 daAuts
     D:1: 749 daAuts
     D:5: 727 daAuts
     D:8: 712 daAuts
     D:2: 644 daAuts
     D:3: 444 daAuts
  Temple: 103 daAuts
     D:9: 14 daAuts
